Cogmind - Beta 14 @@@ ROGUE MODE // 2024.10.13 @ 21:45:12 Player: Saegge Result: Destroyed by G-47 Trooper with Particle Gun Performance ------------- Evolutions (3) 1500 Regions Visited (6) 1200 Robots Destroyed (27) 135 Value Destroyed (871) 871 Prototype IDs (25) 500 Alien Tech Used (0) 0 Bonus (300) 300 TOTAL SCORE: 4506 Bonus ------- Aligned with FarCom 300 Cogmind --------- Core Integrity 0/700 Matter 81/300 Energy 70/100 System Corruption 2% Temperature Cool (9) Movement Rolling (100) Location -7/Factory Parts ------- > --- POWER (2) -------- (None) > --- PROPULSION (3) --- Armored Huge Wheel > --- UTILITY (5) ------ (None) > --- WEAPON (3) ------- (None) > --- INVENTORY (5) ---- Airjet Aerolev Unit Aerolev Unit Peak State ------------ > --- POWER ------------ Deuterium Engine Improved Deuterium Engine > --- PROPULSION ------- Aerolev Unit Aerolev Unit Aerolev Unit > --- UTILITY ---------- Improved Cooling System Coolant Injector Advanced Weight Redist. System Structural Scanner System Shield > --- WEAPON ----------- Guided Plasma Cannon Missile Launcher Missile Launcher > --- INVENTORY -------- Carbon-fiber Leg Titanium Leg Titanium Leg Airjet Improved Heat Sink [Rating: 49] Favorites ----------- Power Light Nuclear Core Engine Improved Ion Engine Power Core Light Nuclear Core Propulsion Wheel Leg Titanium Leg Wheel Wheel Hover Unit Aerolev Unit Utility Structural Scanner Device Structural Scanner Storage Huge Storage Unit Processor Terrain Scan Processor Hackware System Shield Weapon Guided Plasma Cannon Energy Gun Shock Rifle Energy Cannon Guided Plasma Cannon Ballistic Gun Light Assault Rifle Launcher Rocket Launcher Special Weapon Plasma Cutter Build | -11 -10 -10 -10 -9 -8 -7 ------- Run | Yrd Mat Min Exi Min Mat Fac Slots Evolved 6 | . . . . . 4 2 Power 1 | . . . . . 1 . Propulsion 1 | . . . . . 1 . Utility 3 | . . . . . 2 1 Weapon 1 | . . . . . . 1 Parts Attached 52 | 7 2 1 3 1 17 21 Power 9 | 2 1 . . . 4 2 Engine 7 | 2 . . . . 3 2 Core 2 | . 1 . . . 1 . Reactor . | . . . . . . . Propulsion 15 | 2 . . . . 2 11 Treads . | . . . . . . . Leg 6 | . . . . . . 6 Wheel 5 | 2 . . . . 2 1 Hover 4 | . . . . . . 4 Flight . | . . . . . . . Utility 14 | 1 1 1 . 1 5 5 Device 10 | 1 1 . . 1 2 5 Storage 2 | . . . . . 2 . Processor 1 | . . 1 . . . . Hackware 1 | . . . . . 1 . Protection . | . . . . . . . Artifact . | . . . . . . . Weapon 14 | 2 . . 3 . 6 3 Energy Gun 4 | . . . . . 3 1 Energy Cannon 1 | . . . 1 . . . Ballistic Gun 4 | 2 . . . . 1 1 Ballistic Cannon . | . . . . . . . Launcher 4 | . . . 2 . 1 1 Special Weapon 1 | . . . . . 1 . Impact Weapon . | . . . . . . . Slashing Weapon . | . . . . . . . Piercing Weapon . | . . . . . . . Special Melee Weapon . | . . . . . . . Unidentified Prototypes 2 | . . . . . 1 1 Parts Lost 18 | . . . . . . 18 Power 3 | . . . . . . 3 Propulsion 5 | . . . . . . 5 Utility 5 | . . . . . . 5 Weapon 5 | . . . . . . 5 Highest Loss Streak 7 | . . . . . . 7 To Critical Strikes . | . . . . . . . Average Slot Usage (%) 91 | . 93 100 100 100 94 77 Engine 5 | . 3 . . . 7 8 Core 8 | . 10 14 14 14 9 1 Leg 1 | . . . . . . 4 Wheel 20 | . 28 28 28 28 25 2 Hover 3 | . . . . . . 12 Device 18 | . 21 14 14 14 17 25 Storage 3 | . . . . . 8 . Processor 4 | . . 14 14 14 1 . Hackware 4 | . . . . . 7 4 Energy Cannon 7 | . . . 8 14 9 4 Ballistic Gun 4 | . 28 28 10 . . . Launcher 7 | . . . 8 14 6 9 Peak Build Rating 49 | 8 11 12 20 20 34 49 Average Rating 23 | 5 9 12 17 18 27 35 On Entrance 14 | . 8 11 12 20 18 32 Naked Turns 1 | . . . . . . 1 Heaviest Build 120 | 8 9 8 20 20 113 120 Greatest Support 58 | 20 20 20 20 20 39 58 Greatest Overweight (x) 6 | . . . . . 4 6 Average Overweight (x) . | . . . . . 1 . Largest Inventory Capacity 25 | 5 5 5 5 5 25 25 Average Capacity 12 | 5 5 5 5 5 23 7 Most Carried 25 | 5 5 5 5 4 25 19 Average Carried 8 | 3 4 4 4 4 14 6 Final Capacity 25 | 5 5 5 5 5 25 5 Final Carried 20 | 4 5 5 4 4 20 3 Class Distribution -------------------- 60% | Mutant 19% | Scavenger-Mutant 14% | Skirmisher 5% | Scavenger-Skirmisher Dominant Class ---------------- Mutant | -10/Materials Mutant | -10/Mines Mutant | -10/Exiles Mutant | -9/Mines Scavenger-Mutant | -8/Materials Skirmisher | -7/Factory Resources | -11 -10 -10 -10 -9 -8 -7 ----------- Run | Yrd Mat Min Exi Min Mat Fac Matter Collected 649 | 316 74 . 32 . 175 52 Remotely . | . . . . . . . Salvage Created 965 | 113 269 . . . 316 267 Parts 55 | 14 17 . . . 17 7 Haulers Intercepted . | . . . . . . . Recyclers Shooed 1 | . 1 . . . . . Parts Field Recycled . | . . . . . . . Retrieved Matter . | . . . . . . . Parts Self-Destructed . | . . . . . . . Prevented . | . . . . . . . Kills | -11 -10 -10 -10 -9 -8 -7 ------- Run | Yrd Mat Min Exi Min Mat Fac Combat Hostiles Destroyed 15 | 1 3 . . . 4 7 Guns 5 | 1 3 . . . . 1 Cannons 4 | . . . . . 2 2 AOE 6 | . . . . . 2 4 Classes Destroyed 8 | 3 2 . . . 2 1 Worker 1 | 1 . . . . . . Builder 2 | . 2 . . . . . Tunneler 4 | 3 . . . . 1 . Recycler 1 | . 1 . . . . . Watcher 4 | . . . . . 4 . Grunt 9 | 1 3 . . . 2 3 Duelist 1 | . . . . . . 1 Sentry 5 | . . . . . 2 3 Best Kill Streak 5 | 2 2 . . . 3 5 Combat Bots Only 5 | 1 2 . . . 2 5 Max Kills in Single Turn 3 | 1 1 . . . 2 3 Gunslinging . | . . . . . . . Exploded 3 | . . . . . 1 3 Melee . | . . . . . . . Uniques/NPCs Destroyed . | . . . . . . . Combat | -11 -10 -10 -10 -9 -8 -7 -------- Run | Yrd Mat Min Exi Min Mat Fac Hostile Shots Fired 350 | 5 21 . . . 16 308 Missed 163 | . 4 . . . 4 155 Damage Taken 2701 | 56 204 . . . 269 2172 Core 906 | 21 66 . . . 118 701 Absorbed by Shields . | . . . . . . . Regen/Repaired (Parts) 37 | . . . . . 37 . Core Remaining (%) 78 | 91 . . . 65 78 . Volleys Fired 112 | 23 28 . . . 29 32 Largest 2 | 2 2 . . . 1 2 Hottest 120 | 40 40 . . . 120 120 Shots Fired 164 | 46 56 . . . 29 33 Gun 113 | 46 56 . . . . 11 Cannon 34 | . . . . . 22 12 Launcher 15 | . . . . . 5 10 Special 2 | . . . . . 2 . Kinetic 109 | 46 56 . . . . 7 Thermal 36 | . . . . . 24 12 Explosive 15 | . . . . . 5 10 Electromagnetic 4 | . . . . . . 4 Robot Hit Streak 28 | 8 12 . . . 16 28 Robot Miss Streak 3 | 3 3 . . . 1 1 Penetration Max . | . . . . . . . Secondary Targets 1 | . 1 . . . . . Max Gunslinging Chain 1 | . 1 . . . . . Shots Hit Robots 117 | 26 39 . . . 26 26 Core Hits 73 | 10 19 . . . 15 29 Critical Kills . | . . . . . . . Critical Parts Destroyed . | . . . . . . . Critical Strikes . | . . . . . . . Melee Attacks . | . . . . . . . Impact . | . . . . . . . Slashing . | . . . . . . . Piercing . | . . . . . . . Sneak Attacks . | . . . . . . . Combat Hostiles . | . . . . . . . Follow-up Attacks . | . . . . . . . Damage Inflicted 2796 | 199 315 . . . 1060 1222 Guns 652 | 199 315 . . . . 138 Cannons 1196 | . . . . . 766 430 Explosions 919 | . . . . . 294 625 Melee . | . . . . . . . Ramming 29 | . . . . . . 29 Kinetic 586 | 199 315 . . . . 72 Thermal 1453 | . . . . . 766 687 Explosive 662 | . . . . . 294 368 Electromagnetic 66 | . . . . . . 66 Impact . | . . . . . . . Slashing . | . . . . . . . Piercing . | . . . . . . . Highest Corruption 4 | . . . . . 4 2 Average Corruption 2 | . . . . . 3 2 Corruption Purged . | . . . . . . . Corruption Blocked . | . . . . . . . Effects 7 | . . . . . 3 4 Message Errors 3 | . . . . . 1 2 Matter Fused 2 | . . . . . . 2 Heat Flow Errors 1 | . . . . . 1 . Energy Discharges 1 | . . . . . 1 . Overload Shots . | . . . . . . . Overflow Damage 260 | . . . . . 86 174 Projectiles 119 | . . . . . 86 33 Explosions 141 | . . . . . . 141 Melee . | . . . . . . . Knockbacks . | . . . . . . . Impact . | . . . . . . . Kinetic . | . . . . . . . Secondary . | . . . . . . . Self-Inflicted Damage 191 | . . . . . 49 142 Shots 4 | . . . . . 1 3 Rammed 4 | . . . . . . 4 Targets Rammed 24 | . . . . . . 24 Kicked 20 | . . . . . . 20 Crushed . | . . . . . . . Highest Temperature 372 | 12 25 . . . 372 311 Average Temperature 118 | 8 7 . . . 166 114 Received Heat Transfer 861 | 30 111 . . . 99 621 Effects 4 | . . . . . 4 . Shutdowns 2 | . . . . . 2 . Interference 2 | . . . . . 2 . Siege Activations . | . . . . . . . Robots Corrupted . | . . . . . . . Combat Hostiles . | . . . . . . . Parts Fried . | . . . . . . . Impact Corruptions . | . . . . . . . Robots Melted . | . . . . . . . Combat Hostiles . | . . . . . . . Parts Melted 3 | . . . . . 2 1 Heat Transferred 2870 | . . . . . 1760 1110 Parts Sabotaged . | . . . . . . . Parts Stolen . | . . . . . . . Parts Stripped . | . . . . . . . Power Chain Reactions . | . . . . . . . Alert | -11 -10 -10 -10 -9 -8 -7 ------- Run | Yrd Mat Min Exi Min Mat Fac Peak Influence 223 | 41 141 54 . . 152 223 Initial 54 | . 26 54 . . . 20 Average 63 | 17 91 54 . . 29 137 Maximum Alert Level 1 | . . . . . . 1 Low Security (%) 84 | 100 100 100 . 100 100 44 Level 1 15 | . . . . . . 55 Level 2 . | . . . . . . . Level 3 . | . . . . . . . Level 4 . | . . . . . . . Level 5 . | . . . . . . . High Security . | . . . . . . . Max Security . | . . . . . . . Squads Dispatched 7 | . 4 . . . 2 1 Investigation 4 | . 2 . . . 2 . Extermination . | . . . . . . . Reinforcement 3 | . 2 . . . . 1 Assault . | . . . . . . . Garrison . | . . . . . . . Intercept . | . . . . . . . Searches Triggered . | . . . . . . . Construction Impeded 1 | . . . . . . 1 Haulers Reinforced . | . . . . . . . Active Scanning Responses . | . . . . . . . Cargo Convoy Interrupts . | . . . . . . . Stealth | -11 -10 -10 -10 -9 -8 -7 --------- Run | Yrd Mat Min Exi Min Mat Fac Distress Signals 3 | . 1 . . . 1 1 Communications Jammed . | . . . . . . . Distress Signals . | . . . . . . . Times Spotted 29 | 1 9 . . . 8 11 Peak Tracking Total 5 | 1 2 . . . 2 5 Tactical Retreats 1 | . . . . . . 1 Traps | -11 -10 -10 -10 -9 -8 -7 ------- Run | Yrd Mat Min Exi Min Mat Fac Traps Triggered 5 | . 1 . . . 3 1 Indirectly . | . . . . . . . Trap Hack Attempts . | . . . . . . . Triggered . | . . . . . . . Disarmed . | . . . . . . . Reprogrammed . | . . . . . . . Reused . | . . . . . . . Traps Extracted . | . . . . . . . Installed . | . . . . . . . Triggered . | . . . . . . . Machines | -11 -10 -10 -10 -9 -8 -7 ---------- Run | Yrd Mat Min Exi Min Mat Fac Machines Disabled 4 | . . . . . 1 3 Max in Single Turn 3 | . . . . . 1 3 Machines Repaired . | . . . . . . . Machines Dismantled . | . . . . . . . Machines Sabotaged . | . . . . . . . Overloaded Fab Kills . | . . . . . . . Hacking | -11 -10 -10 -10 -9 -8 -7 --------- Run | Yrd Mat Min Exi Min Mat Fac Machines Accessed 12 | . 1 . 5 . 5 1 Terminals 5 | . 1 . . . 4 . Fabricators . | . . . . . . . Repair Stations 1 | . . . . . 1 . Recycling Units 1 | . . . . . . 1 Scanalyzers . | . . . . . . . Garrison Access . | . . . . . . . Total Hacks 83 | . 2 . 50 . 27 4 Successful 69 | . 1 . 50 . 17 1 Failed 11 | . 1 . . . 7 3 Catastrophic 1 | . . . . . 1 . Database Lockouts 3 | . . . . . 3 . Manual 3 | . . . 2 . 1 . Terminals 25 | . 2 . . . 23 . Fabricators . | . . . . . . . Repair Stations 4 | . . . . . 4 . Recycling Units 4 | . . . . . . 4 Scanalyzers . | . . . . . . . Garrison Access . | . . . . . . . Terminal Hacks 64 | . 1 . 50 . 13 . Record 60 | . . . 49 . 11 . Robot Analysis 1 | . . . . . 1 . Alert Level 1 | . . . . . 1 . Locate Traps 1 | . 1 . . . . . Derelict Proto ID Bank 1 | . . . 1 . . . Fabricator Hacks . | . . . . . . . Repair Station Hacks 4 | . . . . . 4 . Scan Component 3 | . . . . . 3 . Repair 1 | . . . . . 1 . Recycling Unit Hacks 1 | . . . . . . 1 Report Inventory 1 | . . . . . . 1 Scanalyzer . | . . . . . . . Garrison Access Hacks . | . . . . . . . Unauthorized Hacks . | . . . . . . . Terminals . | . . . . . . . Fabricators . | . . . . . . . Repair Stations . | . . . . . . . Recycling Units . | . . . . . . . Scanalyzers . | . . . . . . . Garrison Access . | . . . . . . . Data Cores Recovered . | . . . . . . . Used . | . . . . . . . Hacking Detections 4 | . . . . . 4 . Full Trace Events 4 | . . . . . 4 . Feedback Events . | . . . . . . . Feedback Blocked . | . . . . . . . Robot Schematics Acquired . | . . . . . . . Robots Built . | . . . . . . . Authchips . | . . . . . . . Time . | . . . . . . . Total Robot Build Rating . | . . . . . . . Part Schematics Acquired . | . . . . . . . Parts Built . | . . . . . . . Authchips . | . . . . . . . Time . | . . . . . . . Total Part Build Rating . | . . . . . . . Parts Repaired 1 | . . . . . 1 . Time 26 | . . . . . 26 . Parts Recycled . | . . . . . . . Recycled Matter . | . . . . . . . Retrieved Matter . | . . . . . . . Retrieved Components . | . . . . . . . Parts Scanalyzed . | . . . . . . . Part Schematics Acquired . | . . . . . . . Parts Damaged . | . . . . . . . Bothacking | -11 -10 -10 -10 -9 -8 -7 ------------ Run | Yrd Mat Min Exi Min Mat Fac Used RIF Installer . | . . . . . . . Robots Hacked . | . . . . . . . Non-combat . | . . . . . . . Combat . | . . . . . . . Robot Hacks Applied . | . . . . . . . Relay Couplers Released . | . . . . . . . Fabnet Peak Effective % . | . . . . . . . Robots Rewired . | . . . . . . . Allies Hacked . | . . . . . . . Hacks Repelled . | . . . . . . . Allies | -11 -10 -10 -10 -9 -8 -7 -------- Run | Yrd Mat Min Exi Min Mat Fac Total Allies . | . . . . . . . Largest Group . | . . . . . . . Highest-Rated Group . | . . . . . . . Highest-Rated Ally . | . . . . . . . Total Orders . | . . . . . . . Ally Attacks . | . . . . . . . Total Damage . | . . . . . . . Kills . | . . . . . . . Allies Corrupted . | . . . . . . . Allies Melted . | . . . . . . . Intel | -11 -10 -10 -10 -9 -8 -7 ------- Run | Yrd Mat Min Exi Min Mat Fac Robot Analysis Total 1 | . . . . . 1 . Derelict Logs Recovered 1 | . . . . 1 . . Drone Launches . | . . . . . . . Drone Recoveries . | . . . . . . . Exploration | -11 -10 -10 -10 -9 -8 -7 ------------- Run | Yrd Mat Min Exi Min Mat Fac Turns Passed 2303 | 155 176 45 428 93 888 518 Spaces Moved 1737 | 103 112 44 522 115 521 320 Core 26 | 18 . . . . . 8 Treads . | . . . . . . . Legs 53 | . . . . . . 53 Wheels 1436 | 85 112 44 522 115 521 37 Hover 222 | . . . . . . 222 Flight . | . . . . . . . Fastest Speed 42 | 50 80 80 80 80 80 42 Average Speed 92 | 74 80 80 80 80 108 104 Slowest Speed 190 | 80 80 80 80 80 140 190 Overloaded Moves . | . . . . . . . Propulsion Burnouts . | . . . . . . . Robots Hopped . | . . . . . . . Cave-ins Triggered . | . . . . . . . Exploration Rate (%) 31 | 6 22 16 91 34 44 8 Regions Visited 6 Branch Regions 3 Pre-discovered Areas 2 | . . . 1 1 . . Known Exits Taken . | . . . . . . . Unknown Exits Taken 6 | 1 1 1 1 1 1 . Scrap Searched . | . . . . . . . Spaces Dug . | . . . . . . . Terrain Destroyed 90 | . . . . . 27 63 Melee . | . . . . . . . Projectile . | . . . . . . . AOE 90 | . . . . . 27 63 Terrain Rammed . | . . . . . . . Walls Destroyed . | . . . . . . . Machines Disabled . | . . . . . . . Actions | -11 -10 -10 -10 -9 -8 -7 --------- Run | Yrd Mat Min Exi Min Mat Fac Total 2279 | 143 154 53 534 115 813 467 Wait 267 | . 8 7 3 . 205 44 Move 1731 | 102 111 43 521 114 520 320 Hop . | . . . . . . . Pick Up 51 | 10 3 1 2 . 30 5 Fast Attach 9 | 1 . . 1 . 1 6 Attach 26 | 5 1 . 2 . 11 7 Detach 5 | . . . 1 . 3 1 Swap 17 | 1 1 1 . 1 5 8 Drop 37 | 1 2 1 4 . 9 20 Fire 112 | 23 28 . . . 29 32 Melee . | . . . . . . . Ram 4 | . . . . . . 4 Kick 20 | . . . . . . 20 Crush . | . . . . . . . Escape Stasis . | . . . . . . . Rewire . | . . . . . . . Trap . | . . . . . . . Miscellaneous . | . . . . . . . Route ------- -11/Scrapyard -10/Materials -10/Mines (discovered 2 exits: [*Mat] / *Exi) -10/Exiles -9/Mines -8/Materials -7/Factory History --------- Turn | Location | Event 2 | -11/Scrapyard | Met Revision 17 64 | -11/Scrapyard | Discovered new exit (range 8) 156 | -11/Scrapyard | Entered Materials 240 | -10/Materials | Met 8R-AWN 315 | -10/Materials | Build established: Mutant 326 | -10/Materials | Discovered new exit (range 9) 332 | -10/Materials | Entered Mines 334 | -10/Mines | Followed 8R-AWN into the Mines 352 | -10/Mines | Received a Rocket Launcher from a helpful Derelict 360 | -10/Mines | Discovered new exit (range 7) 372 | -10/Mines | Discovered new exit (range 5) 377 | -10/Mines | Entered Exiles 403 | -10/Exiles | Welcomed by 8R-AWN 418 | -10/Exiles | Met EX-HEX 447 | -10/Exiles | Met EX-BIN 462 | -10/Exiles | Aligned with FarCom system 463 | -10/Exiles | Given EX-Vault access code 502 | -10/Exiles | Opened EX-Vault 532 | -10/Exiles | Found Gui. Plasma Cannon 551 | -10/Exiles | Warned to stay clear of 0b10 Research branches 583 | -10/Exiles | Met EX-DEC 593 | -10/Exiles | Learned location of Zion (-7) 636 | -10/Exiles | Visited The Gauntlet 797 | -10/Exiles | Discovered new exit (range 10) 805 | -10/Exiles | Left Exiles lab with Gui. Plasma Cannon 805 | -10/Exiles | Entered Mines 810 | -9/Mines | Learned location of Recycling (-9) 834 | -9/Mines | Assembled infested the area 887 | -9/Mines | Discovered new exit (range 12) 898 | -9/Mines | Entered Materials 898 | -8/Materials | Evolved 4 slots: Power x1, Propulsion x1, Utility x2 929 | -8/Materials | Repaired Wheel 1248 | -8/Materials | Central database locked down 1325 | -8/Materials | Central database locked down 1325 | -8/Materials | Central database locked down 1599 | -8/Materials | Build established: Scavenger-Mutant 1731 | -8/Materials | Discovered new exit (range 8) 1786 | -8/Materials | Entered Factory 1786 | -7/Factory | Evolved 2 slots: Utility x1, Weapon x1 1873 | -7/Factory | Lost 3 parts (3n) 2178 | -7/Factory | Lost 7 parts (2p1n1u3w) 2256 | -7/Factory | Core integrity fell below 50% 2287 | -7/Factory | Core integrity fell below 20% 2304 | -7/Factory | Destroyed by G-47 Trooper with Particle Gun Last Messages --------------- Titanium Leg destroyed. Kicked G-47 Trooper. Kicked G-47 Trooper out of the way. System corrupted: Matter fused (-8). Kicked G-47 Trooper. Kicked G-47 Trooper out of the way. Kicked G-47 Trooper. Titanium Leg severed. Slammed into G-47 Trooper. Imp. Cooling System destroyed. Slammed into G-47 Trooper. Acquired Shock Rifle. Shock Rifle destroyed. Acquired Hvy. Assault Rifle. XQW02S PHQNH4|YWQHZD9&I9L Y-54 Guardian destroyed. Hvy. Assault Rifle destroyed. Coolant Injector destroyed. G-47 Trooper misfires. [Achievement: First Step to Greatness] Map ----- +----------------------------------------------------+ | ########### # !!! # # ####### | | ?????????## # !!! # # # | | ?????????## # # # # = | | ?????????## # # # # | | ?????????## # # + # | | ?????????## + # # # " | | ?????????## # # # # " | | ???????#### # # # # " | | ???????#### ####+#### # # | | ???????## # # " | | ???????## ############## " | | ???????## + " | | ???????## ########+##### | | ?????#### # ########## | | ?????#######+############ # !!########## | | ?????## ###### # ! ##???????? | | ?????## ##??## # ##???????? | | ?????##* """"" ###### + ##???????? | | ?????## """"" ###### # [##???????? | | ?????## """ =###### # ##???????? | | ?????## + = # %] ##???????? | | ?????## """"" ########+######+#"#####???????? | | ?????## """"" # # #####???????? | | ?????## """ # % % ####??????????? | | ?????## !#!=% g ###??????????? | | ?????## # l g @ ###???????????? | | ?????## #!!! ###???????????? | | ?????############### ! !##????????????? | | ?????############### === ##????????????? | | ?????????????????###! == = ##????????????? | | ??????????????????## = = ##????????????? | | ??????????????????## ##????????????? | | ??????????????????###################????????????? | | | | | | | | | | | | | | | | | | | | | | | | | | | | | | | | | | | +----------------------------------------------------+ Best States ------------- Heat Dissipation 62 Coolant Potential 65 Energy Generation 25 Energy Capacity 465 Matter Stores 300 Matter Capacity 300 Sight Range 16 Terrain Scan Range 16 Terrain Scan Density 85 Additional Mass Support 9 Evasion (%) 55 Defensive Hacking 10 Item Schematics ----------------- None Robot Schematics ------------------ None Fabricated ------------ Nothing Alien Tech Used ----------------- None Achievements -------------- Crack Shot First Step to Greatness Librarian Made in Tau Ceti IV One Hack Too Far Part-time Mechanic Risk Taker Tourist Uninvited Guest Challenges ------------ None Game ------ Seed StructuralSmallMallet Manual? 0 Play Time 02:11:08 Cumulative 2.1 hours Start 2024.10.13 @ 18:59:48 End 2024.10.13 @ 21:45:12 Sessions 1 Manual Loads 0 Difficulty Rogue Special Mode None Game No. 1 Rogue 1 Adventurer 0 Explorer 0 Win Type - Total 0 Types 0/0/0/0/0/0/0/0/0 Lore% 6 Gallery% 2 Achievement% 3 Wizard Run 0 Options --------- Layout 1 ASCII 0 Keyboard 0 Movement Numpad Keybinds 0 Fullscreen 2 Font 32/SmallcapsGlow Map View 50x35 Zoom Use 0% Tactical HUD 0 Map Filters NONE Filters NONE Steam 1 RUN: 2b2ecc0a-53ca-4414-bd3b-be060bd6694b